 Dungeon Crawl Stone Soup version 0.27.1-33-g824d729ab1 (webtiles) character file.

Game seed: 5697629322691146686

215 Theotherone the Chopper (level 5, 0/45 HPs)
             Began as a Minotaur Fighter on Jan 1, 2022.
             Slain by a phantom (2 damage)
             ... on level 4 of the Dungeon.
             The game lasted 00:06:24 (1884 turns).

Theotherone the Chopper (Minotaur Fighter)          Turns: 1884, Time: 00:06:24

Health: 0/45       AC:  9    Str: 22    XL:     5   Next: 60%
Magic:  4/4        EV:  5    Int:  5    God:
Gold:   84         SH:  9    Dex:  9    Spells: 4/4 levels left

rFire    . . .     SeeInvis .   m - +3 whip
rCold    . . .     Faith    .   c - +0 kite shield
rNeg     . . .     Spirit   .   i - +0 chain mail
rPois    .         Reflect  .   (helmet restricted)
rElec    .         Harm     .   (no cloak)
rCorr    .         Rampage  .   (no gloves)
Will     +....                  (no boots)
Stlth    ..........             (no amulet)
HPRegen  0.15/turn              j - ring of willpower
MPRegen  0.09/turn              (no ring)

@: mighty
A: horns 2, retaliatory headbutt
a: no special abilities


You were on level 4 of the Dungeon.
You visited 1 branch of the dungeon, and saw 3 of its levels.

You collected 84 gold pieces.

Inventory:

Hand Weapons
 a - a +0 war axe
 e - a +0 dagger of venom
 m - a +3 whip (weapon)
Missiles
 g - 76 stones (quivered)
 l - 8 boomerangs of dispersal
Armour
 b - a +0 scale mail
 c - a +0 kite shield (worn)
 i - a +0 chain mail (worn)
Jewellery
 j - a ring of willpower (left hand)
 q - a +4 ring of slaying
Scrolls
 h - 2 scrolls of teleportation {unknown}
 k - a scroll of magic mapping {unknown}
 o - a scroll of summoning {unknown}
 p - a scroll of holy word {unknown}
 r - a scroll of vulnerability {unknown}
 u - a scroll of identify {unknown}
 x - a scroll of blinking {unknown}
Potions
 d - a potion of might
 f - a potion of brilliance {unknown}
 n - a potion of curing {unknown}
 s - a potion of cancellation {unknown}
 t - 2 potions of heal wounds {unknown}
 v - a potion of lignification {unknown}
 w - a potion of berserk rage {unknown}


   Skills:
 - Level 3.6 Fighting
 + Level 7.2 Axes
 - Level 3.6 Armour
 - Level 3.6 Shields


You had 4 spell levels left.
You didn't know any spells.
Your spell library was empty.

Dungeon Overview and Level Annotations

Branches:
Dungeon (2/15)

Altars:
The Shining One

Annotations:
D:4 Menkaure


Innate Abilities, Weirdness & Mutations

You have a pair of horns on your head.
You reflexively headbutt those who attack you in melee.


Message History

The phantom hits you but does no damage.
The phantom hits you.
The phantom blinks!
You blink.
Found 11 stones.
You block the phantom's attack. The phantom hits you.
You block the phantom's attack.
Items here: ))))) [[[ †††.
You closely miss the phantom. The phantom barely misses you.
You whack the phantom!
The phantom is moderately damaged.
The phantom hits you.
The phantom blinks!
You blink.
You hit the phantom. Your headbutt misses the phantom.
The phantom is moderately damaged.
The phantom hits you.
The phantom blinks!
You blink.
Menkaure, Prince of Dust comes into view.
You hit the phantom.
The phantom is moderately damaged.
Menkaure shouts!
The phantom hits you.
The phantom blinks!
You blink.
Menkaure draws the symbol "Udjat" in the dust.
The phantom hits you.
The phantom blinks!
You blink.
Menkaure gestures wildly while chanting.
Menkaure seems to speed up.
You block the phantom's attack. You block the phantom's attack.
You feel very mighty all of a sudden.
Menkaure calls on the powers of darkness!
Your body is wracked with pain!
* * * LOW HITPOINT WARNING * * *
The phantom hits you.
* * * LOW HITPOINT WARNING * * *
The phantom blinks!
You blink.
Menkaure calls on the powers of darkness!
Your body is wracked with pain!
* * * LOW HITPOINT WARNING * * *
You miss the phantom.
The phantom is moderately damaged.
The phantom hits you.
* * * LOW HITPOINT WARNING * * *
The phantom hits you.
You die...

###........#.#..#
....)†(...##)##..#
#####...####.# #..#
.......!# #.# #.# #
..###...## #.# (..# ...
.......#.######.##### ##
+###..#.#§##.........# #
....#....#.##.........#
#.###.#.......#.@.......#
'.+ +...##....W.>.....#
#.###.#.....<##.........#
# [...##...####.......§.#
###+###....####.....M.§.#
##.....##....##.........#
#.#...#.........########
#..............#
##..##)........#


You could see a phantom and Menkaure (fast).

Vanquished Creatures
  An ogre (D:4)
  2 orc wizards (D:4)
  A killer bee zombie (D:4)
  An adder (D:4)
  A dart slug (D:1)
  3 orcs (D:4)
  3 endoplasms
  2 giant cockroaches (D:1)
  5 goblins
  3 hobgoblins
  4 jackals (D:1)
  2 quokkas (D:1)
  3 ball pythons
  5 bats (D:1)
  3 frilled lizards
  5 kobolds
  5 rats
49 creatures vanquished.

Notes
Turn   | Place    | Note
-------+----------+-------------------------------------------
     0 | D:1      | Theotherone the Minotaur Fighter began the quest for the
                  | Orb.
     0 | D:1      | Reached XP level 1. HP: 19/19 MP: 0/0
   115 | D:1      | Reached skill level 3 in Axes
   265 | D:1      | Reached XP level 2. HP: 24/26 MP: 1/1
   501 | D:1      | Reached skill level 4 in Axes
   703 | D:1      | Reached XP level 3. HP: 31/31 MP: 2/2
  1279 | D:2      | Found a faded altar of an unknown god.
  1374 | D:2      | You fall into a shaft and drop 2 floors!
  1459 | D:4      | Found a glowing golden altar of the Shining One.
  1535 | D:4      | Reached skill level 5 in Axes
  1555 | D:4      | Noticed an ogre
  1560 | D:4      | Killed an ogre
  1561 | D:4      | Reached skill level 6 in Axes
  1561 | D:4      | Reached XP level 4. HP: 9/39 MP: 3/3
  1561 | D:4      | Reached XP level 5. HP: 10/45 MP: 4/4
  1838 | D:4      | Reached skill level 7 in Axes
  1852 | D:4      | Noticed a phantom
  1878 | D:4      | Noticed Menkaure
  1884 | D:4      | HP: 2/45 [phantom (3)]
  1884 | D:4      | Slain by a phantom

Illustrated notes

Levels and vault maps discovered:
D:1:      dpeg_arrival_solitude, layout_loops_ring,
          chequers_serial_rivers_micro_b
D:2:      layout_loops_ring, shapermc_ecumenical_altar_hornbeckon
D:4:      layout_rooms, mainiacjoe_overflow_cross_hatched,
          minmay_temple_entry_glassed_door, uniq_menkaure

Skill      XL: |  1  2  3  4  5 |
---------------+----------------+-----
Axes           | 3 4 6 7 |  7.2
Fighting       | |  3.6
Armour         | |  3.6
Shields        | |  3.6

Action                   |  1- 3 |  4- 6 || total
-------------------------+-------+-------++-------
Melee: War axe           |    82 |       ||    82
       Headbutt          |     9 |     4 ||    13
       Whip              |    29 |    42 ||    71
  Use: Potion            |       |     1 ||     1
Armor: Scale mail        |     3 |       ||     3
       Chain mail        |    69 |    18 ||    87
Dodge: Dodged            |    18 |     3 ||    21
Block: Kite shield       |    63 |    17 ||    80
